[Event "Early-Titled-Tuesday-Blitz-May-28-2024"]
[Site "Chess.com"]
[Date "2024.05.28"]
[Round "11"]
[White "IndianSchoolOfSuffering"]
[Black "GianmarcoVaR"]
[Result "0-1"]
[WhiteElo "2528"]
[BlackElo "2704"]
[TimeControl "180+1"]
[EndTime "10:08:25 PDT"]
[Termination "GianmarcoVaR won by checkmate"]

1. Nf3 g6 2. c4 Bg7 3. g3 d6 4.
Bg2 c5 5. O-O Nc6 6. Nc3 e5 7. Ne1 Be6 8. Nd5 Nge7 9. Nc2 Bxd5 10.
cxd5 Nd4 11. Nxd4 exd4 12. e3 O-O 13. d3 Qd7 14. e4 b5 15. a4 a6 16. Bg5 h6 17.
Bxe7 Qxe7 18. Qb3 Qb7 19. Ra3 Rfc8 20. Rfa1 Rab8 21. axb5 Qxb5 22. Qxb5 axb5 23. Ra6 c4 24. Rc6 Rxc6 25. dxc6 Rc8 26. e5 Bxe5 27. Bd5 Rc7 28. f4 Bf6 29. Kg2 c3 30. b4 Kg7 31. Kf3 g5 32.
fxg5 Bxg5 33. h4 Be3 34. Ra2 Kf6 35. g4 Ke5 36. Be4 d5 37. Bf5 Rxc6 38. Rc2 h5 39. Bd7 hxg4+ 40. Kxg4 Rf6 41. Bxb5 Rf1 42.
Bd7 Rb1 43. b5 Rb2 44. b6 Rxc2 45. b7 Rb2 46. Bc6 Rxb7 47. Bxb7 c2 48. h5 c1=Q 49. h6 Qg1+ 50. Kh5 Qg5# 0-1

[Event "Early-Titled-Tuesday-Blitz-May-28-2024"]
[Site "Chess.com"]
[Date "2024.05.28"]
[Round "11"]
[White "David_Arutinian"]
[Black "chrisclaireredfield"]
[Result "1-0"]
[WhiteElo "2816"]
[BlackElo "2569"]
[TimeControl "180+1"]
[EndTime "10:08:29 PDT"]
[Termination "David_Arutinian won by checkmate"]

1. Nf3 d5 2. e3 c6 3. c4 Nf6 4.
Nc3 g6 5. d4 Bg7 6. Be2 O-O 7.
O-O a6 8. b3 b5 9. Bb2 Bg4 10.
h3 Bxf3 11. Bxf3 e6 12. Qc2 Nbd7 13. Rfd1 Re8 14. Rac1 Rc8 15. Nb1 Qb6 16. Nd2 Qb7 17. e4 Nb6 18. e5 Nfd7 19. c5 Na8 20. h4 f6 21. exf6 Bxf6 22. h5 Kg7 23. Re1 Nc7 24.
Bg4 Re7 25. Nf3 Rce8 26. Qd2 b4 27. Re2 a5 28. Rce1 Nf8 29. g3 Nb5 30. Kg2 Qc7 31.
Ne5 Bxe5 32. dxe5 Rf7 33. Rh1 Kg8 34. Qh6 Qe7 35. Bc1 Qxc5 36. Bg5 Nc3 37. hxg6 Nxg6 38.
Bf6 Ra7 39. Ree1 Ne4 40. Rxe4 dxe4 41. Bh5 Qd5 42. Bxg6 e3+ 43. f3 Qd2+ 44. Kh3 hxg6 45. Qh8+ Kf7 46. Qg7# 1-0

[Event "Early-Titled-Tuesday-Blitz-May-28-2024"]
[Site "Chess.com"]
[Date "2024.05.28"]
[Round "11"]
[White "MathiasWomacka"]
[Black "Irina_Mikhaylova"]
[Result "1-0"]
[WhiteElo "2504"]
[BlackElo "2348"]
[TimeControl "180+1"]
[EndTime "10:08:30 PDT"]
[Termination "MathiasWomacka won by resignation"]

1. e4 c5 2. Nf3 Nc6 3. d4 cxd4 4. Nxd4 e5 5. Nb5 d6 6. c4 Be7 7. N1c3 a6 8. Na3 Be6 9. Be2 Bg5 10. O-O Bxc1 11. Rxc1 Nf6 12. Nc2 O-O 13. Qd2 Qb6 14.
b3 Rfd8 15. Rfd1 Rac8 16. Nd5 Bxd5 17. exd5 Ne7 18. Ne3 Qa7 19. Bd3 Ng6 20. Nf5 h6 21. g3 Kf8 22. h4 Ne7 23. Nxh6 e4 24. Nxf7 Kxf7 25. Bf1 e3 26. fxe3 Nf5 27. Bh3 Qxe3+ 28. Qxe3 Nxe3 29. Re1 Neg4 30. Re6 Rc7 31. Rf1 Ne5 32.
g4 Kg8 33. g5 Ne4 34. Kg2 Rf7 35. Rxe5 dxe5 36. Be6 Nd6 37. g6 1-0

[Event "Early-Titled-Tuesday-Blitz-May-28-2024"]
[Site "Chess.com"]
[Date "2024.05.28"]
[Round "11"]
[White "AnaKuchava"]
[Black "MikeWizard"]
[Result "1/2-1/2"]
[WhiteElo "2192"]
[BlackElo "2025"]
[TimeControl "180+1"]
[EndTime "10:08:30 PDT"]
[Termination "Game drawn - insufficient material"]

1. d4 Nf6 2. Nf3 g6 3. c4 Bg7 4.
Nc3 d6 5. e4 O-O 6. Be2 e5 7.
O-O Na6 8. Re1 Bg4 9. Be3 c6 10. dxe5 dxe5 11. Qxd8 Rfxd8 12. Nxe5 Bxe2 13. Rxe2 Re8 14. f4 h5 15. Rd1 Ng4 16. Nxg4 hxg4 17. Bd4 Bf8 18. Kf2 Nc5 19. Bxc5 Bxc5+ 20. Kg3 f5 21. e5 Rad8 22. Red2 Rxd2 23. Rxd2 Kf7 24. Na4 Bb4 25. Rd7+ Re7 26. Rd8 b5 27. cxb5 cxb5 28. Nc3 Bxc3 29. bxc3 Rc7 30. Rd3 Rc4 31. Rd7+ Ke6 32. Rxa7 Rxc3+ 33. Kh4 Rc2 34. Ra6+ Kf7 35. Kg5 Rxg2 36. Ra7+ Ke6 37.
Kxg6 Rxh2 38. Ra6+ Kd5 39. Kxf5 g3 40. Rg6 Rxa2 41. Rxg3 b4 42. Rd3+ Kc4 43. Rd8 b3 44. Rc8+ Kd3 45. Rb8 Kc2 46. e6 Ra7 47. Kf6 b2 48.
Rxb2+ Kxb2 49. e7 Ra8 50. Kf7 Kc3 51. e8=Q Rxe8 52. Kxe8 Kd4 53. f5 Ke5 54. f6 Kxf6 1/2-1/2

[Event "Early-Titled-Tuesday-Blitz-May-28-2024"]
[Site "Chess.com"]
[Date "2024.05.28"]
[Round "11"]
[White "luachess1"]
[Black "AlexandraSamaganova"]
[Result "0-1"]
[WhiteElo "1806"]
[BlackElo "2388"]
[TimeControl "180+1"]
[EndTime "10:08:35 PDT"]
[Termination "AlexandraSamaganova won by resignation"]

1. d4 Nf6 2. Nf3 e6 3. c4 b6 4. Nc3 Bb7 5. Bg5 Be7 6. e3 O-O 7. Be2 h6 8. Bh4 d6 9. O-O Nbd7 10. Qc2 c5 11. Rad1 cxd4 12. Nxd4 a6 13. Bf3 Qc7 14.
b3 Rac8 15. Rc1 Qb8 16. Qe2 Rfe8 17. Rfd1 Ne5 18. Bg3 Nfd7 19. Na4 Bxf3 20. Nxf3 b5 21.
cxb5 axb5 22. Nxe5 Nxe5 23. Bxe5 bxa4 24. Bg3 axb3 25. axb3 Rxc1 26. Rxc1 Qxb3 27. h3 d5 28. Qd2 Bf6 29. Rc7 Qb6 30. Qc2 Qa6 31. Rd7 Rc8 32.
Rc7 Ra8 33. Kh2 e5 34. Rd7 d4 35. exd4 exd4 36. Qc7 Qe6 37. Bf4 Re8 38. Bd2 Be5+ 0-1

[Event "Early-Titled-Tuesday-Blitz-May-28-2024"]
[Site "Chess.com"]
[Date "2024.05.28"]
[Round "11"]
[White "luggevoila"]
[Black "rollercoaster29"]
[Result "0-1"]
[WhiteElo "2354"]
[BlackElo "2544"]
[TimeControl "180+1"]
[EndTime "10:08:36 PDT"]
[Termination "rollercoaster29 won by resignation"]

1. e4 c5 2. Nf3 d6 3. Bb5+ Bd7 4. a4 Nf6 5. Nc3 g6 6. O-O Bg7 7. d4 cxd4 8. Nxd4 O-O 9. Re1 Nc6 10. Bf1 Nxd4 11.
Qxd4 Ng4 12. Qd3 Qb6 13. Qf3 Bd4 14. Re2 f5 15. Nd5 fxe4 16. Qxf8+ Rxf8 17. Nxb6 Rxf2 18. Rxf2 Bxf2+ 19. Kh1 Bxb6 20. h3 Nf2+ 21. Kh2 d5 22.
Be2 d4 23. Bc4+ Kg7 24. Bf4 Kf6 25. Rf1 e3 26. g4 Bxa4 27. c3 dxc3 28. bxc3 e5 29. Bg3 Bc6 30. g5+ Kxg5 31. Bxe5 a5 32. Bd4 Bxd4 33. cxd4 Kf4 34. d5 Bd7 35. Rb1 b5 36.
Be2 b4 37. d6 Ke5 38. Kg3 Ne4+ 39. Kf3 Nd2+ 0-1

[Event "Early-Titled-Tuesday-Blitz-May-28-2024"]
[Site "Chess.com"]
[Date "2024.05.28"]
[Round "11"]
[White "KhBegmuratov"]
[Black "Zhigalko_Sergei"]
[Result "0-1"]
[WhiteElo "2704"]
[BlackElo "2889"]
[TimeControl "180+1"]
[EndTime "10:08:37 PDT"]
[Termination "Zhigalko_Sergei won by resignation"]

1. e4 c5 2. Nf3 Nc6 3. Bb5 Nf6 4. Bxc6 dxc6 5. d3 Bg4 6. Nbd2 Qc7 7. h3 Bh5 8. O-O Nd7 9. Qe1 e6 10. Nh4 g5 11. Nhf3 g4 12. hxg4 Bxg4 13. Nh2 Bh5 14. f4 Be7 15. Qg3 Nf6 16. Qh3 Rg8 17. Ndf3 Bxf3 18.
Nxf3 c4 19. Be3 Ng4 20. Bd4 O-O-O 21. g3 cxd3 22. cxd3 Rxd4 23. Nxd4 Qb6 24. Kg2 Qxd4 25.
Rfb1 Qf2+ 26. Kh1 Rg6 27. Rf1 Qxb2 28. Rab1 Qxa2 29. Ra1 Qd2 30. Rad1 Nf2+ 31. Rxf2 Qxf2 32. Rg1 Bf8 0-1

[Event "Early-Titled-Tuesday-Blitz-May-28-2024"]
[Site "Chess.com"]
[Date "2024.05.28"]
[Round "11"]
[White "Dexter_Dyke"]
[Black "ThetNaung291"]
[Result "1-0"]
[WhiteElo "2439"]
[BlackElo "2337"]
[TimeControl "180+1"]
[EndTime "10:08:39 PDT"]
[Termination "Dexter_Dyke won on time"]

1. e4 e6 2. d4 d5 3. Nc3 dxe4 4. Nxe4 Nd7 5. Nf3 Ngf6 6. Bd3 Be7 7. Qe2 O-O 8. Bg5 Re8 9. h4 Nxe4 10. Qxe4 Nf8 11. O-O-O c6 12. Rh3 e5 13. Rg3 f5 14.
Bxe7 Rxe7 15. Bc4+ Kh8 16. Qe1 e4 17. Ne5 Qe8 18. h5 Be6 19. Bxe6 Rxe6 20. Qb4 b6 21.
Rh1 c5 22. Qb3 Rxe5 23. dxe5 Qxe5 24. h6 g6 25. Rd1 Re8 26. Qc3 Qxc3 27. Rxc3 Kg8 28.
Ra3 Re7 29. Rd8 Kf7 30. Ra8 a5 31. Rb3 Nd7 32. Ra7 Ke6 33. f3 exf3 34. Rxf3 Kd6 35.
Rd3+ Kc6 36. a4 c4 37. Rd4 Re1+ 38. Kd2 Re7 39. Rxc4+ Kd5 40. Rc3 1-0

[Event "Early-Titled-Tuesday-Blitz-May-28-2024"]
[Site "Chess.com"]
[Date "2024.05.28"]
[Round "11"]
[White "topce"]
[Black "Alexchess1984"]
[Result "0-1"]
[WhiteElo "2405"]
[BlackElo "2596"]
[TimeControl "180+1"]
[EndTime "10:08:44 PDT"]
[Termination "Alexchess1984 won on time"]

1. e4 e6 2. d4 d5 3. exd5 exd5 4. Bd3 c5 5. dxc5 Bxc5 6. Nf3 Nf6 7. O-O O-O 8. h3 Nc6 9. c3 Qd6 10. Nd4 Re8 11. Be3 Bb6 12. Nd2 Ne4 13. Nb5 Qd8 14. Bxb6 Qxb6 15. c4 Ne5 16. Bxe4 dxe4 17.
Nxe4 Nxc4 18. Ned6 Nxd6 19. Nxd6 Rd8 20. Nxc8 Raxc8 21.
Qb3 Qxb3 22. axb3 a6 23. Rac1 g6 24. Rc3 Rxc3 25. bxc3 Rd2 26. Re1 Rb2 27. b4 Rb3 28. Re3 Kg7 29. g4 b6 30. g5 h6 31. h4 a5 32. bxa5 bxa5 33. Kg2 a4 34. Re4 a3 35. Ra4 Rxc3 36. f3 Rc2+ 37. Kg3 a2 38. Ra8 Rd2 39. Kf4 Rd4+ 40. Kg3 Rd2 41. Kf4 Rg2 42. Ke3 Rh2 43. f4 Rh3+ 44. Ke4 Rxh4 0-1

[Event "Early-Titled-Tuesday-Blitz-May-28-2024"]
[Site "Chess.com"]
[Date "2024.05.28"]
[Round "11"]
[White "MrLion3000"]
[Black "Bob_2004"]
[Result "0-1"]
[WhiteElo "2782"]
[BlackElo "2569"]
[TimeControl "180+1"]
[EndTime "10:08:48 PDT"]
[Termination "Bob_2004 won by checkmate"]

1. e4 c5 2. Nf3 Nf6 3. d3 d5 4. e5 Nfd7 5. Qe2 Nc6 6. g3 Qc7 7. Bf4 e6 8. h4 h6 9. h5 b6 10. Bh3 Bb7 11. c4 dxc4 12. dxc4 Nd4 13. Nxd4 Bxh1 14.
Nb5 Qb7 15. N1c3 O-O-O 16. Bg4 a6 17. Na3 Bc6 18. O-O-O Be7 19. Nc2 Nb8 20. Re1 Rd7 21. a3 Rhd8 22. b4 b5 23. cxb5 axb5 24. Kb2 Na6 25.
bxc5 Nxc5 26. Rb1 Nd3+ 27. Ka1 Nxf4 28. gxf4 Rd2 29. Qe3 Rxc2 30. Be2 b4 31. Na2 Rdd2 32. Nc1 Bc5 33. Qb3 Bd4+ 34. Rb2 Rxc1+ 35. Ka2 Rxb2+ 36.
Qxb2 Bxb2 37. Kxb2 Rc5 38. a4 Rc3 39. a5 Qa7 40. a6 Kb8 41. f5 Qd4 42. f6 Qd2+ 43. Kb1 Rc1# 0-1

[Event "Early-Titled-Tuesday-Blitz-May-28-2024"]
[Site "Chess.com"]
[Date "2024.05.28"]
[Round "11"]
[White "ahkashefi2800"]
[Black "salomez"]
[Result "1-0"]
[WhiteElo "2560"]
[BlackElo "2356"]
[TimeControl "180+1"]
[EndTime "10:08:49 PDT"]
[Termination "ahkashefi2800 won on time"]

1. d4 Nf6 2. Nf3 g6 3. g3 d5 4. Bg2 Bg7 5. O-O O-O 6. b3 c5 7.
Bb2 cxd4 8. Bxd4 Nc6 9. Bb2 Bg4 10. Nbd2 Qd7 11. c4 Rfd8 12. c5 Rac8 13. a3 a5 14. Rc1 d4 15. Nc4 Qe6 16. Nb6 Rb8 17. Rc4 Nd7 18. Nxd7 Rxd7 19. h3 Bxf3 20. exf3 d3 21.
Bxg7 Kxg7 22. Qa1+ Qe5 23. f4 Qxa1 24. Rxa1 e5 25. Bxc6 bxc6 26. fxe5 Rxb3 27. a4 d2 28. Rd1 Rb4 29. Rc2 Rxa4 30. Rcxd2 Rxd2 31. Rxd2 Rc4 32. Rd7 Kf8 33. e6 fxe6 34. Rxh7 Rxc5 35. Ra7 Rb5 36. Ra6 Ke7 37. Rxc6 a4 38. Ra6 1-0

[Event "Early-Titled-Tuesday-Blitz-May-28-2024"]
[Site "Chess.com"]
[Date "2024.05.28"]
[Round "11"]
[White "ZachHKL"]
[Black "Barmen_EV"]
[Result "0-1"]
[WhiteElo "2364"]
[BlackElo "2546"]
[TimeControl "180+1"]
[EndTime "10:08:50 PDT"]
[Termination "Barmen_EV won by checkmate"]

1. e4 e6 2. d4 d5 3. Nd2 a6 4. Bd3 c5 5. exd5 exd5 6. Ngf3 Nf6 7. O-O Be7 8. dxc5 O-O 9. Nb3 Nc6 10. Be3 Bg4 11. Be2 Ne4 12. h3 Bh5 13. Nfd4 Bxe2 14. Qxe2 Nxd4 15. Bxd4 Rc8 16. Rfe1 Bxc5 17. Nxc5 Nxc5 18.
Bxc5 Rxc5 19. c3 d4 20. Rad1 Rd5 21. cxd4 Rxd4 22. Rxd4 Qxd4 23. Rd1 Qa4 24. a3 h6 25. Rc1 Re8 26. Qd2 Qb5 27. Qc3 Re2 28. Rc2 Re6 29.
Qc8+ Kh7 30. Qc3 Qf5 31. Rd2 Re1+ 32. Kh2 Qf4+ 33. Qg3 Qxd2 34. Qf3 Qd6+ 35. g3 Qe5 36. Qxf7 Qe4 37. g4 Rh1+ 38. Kg3 Rg1+ 39. Kh4 Qe5 40. f4 Qf6+ 41. Qxf6 gxf6 42. f5 Rb1 43. Kh5 Rxb2 44.
h4 Rg2 45. a4 a5 46. g5 hxg5 47. hxg5 Rxg5+ 48. Kh4 Rxf5 49. Kh3 Re5 50. Kg3 Rc5 51. Kg2 Rc4 52. Kf2 Rxa4 53. Kf3 Ra3+ 54. Kf4 Rb3 55. Kf5 a4 56. Kxf6 a3 57. Ke5 a2 58. Kd4 a1=Q+ 59.
Kc4 Qa4+ 60. Kd5 Rb5+ 61. Ke6 Qe4+ 62. Kd7 Qc6+ 63. Kd8 Rd5+ 64. Ke7 Qd7+ 65. Kf6 Rf5# 0-1

[Event "Early-Titled-Tuesday-Blitz-May-28-2024"]
[Site "Chess.com"]
[Date "2024.05.28"]
[Round "11"]
[White "zurzan"]
[Black "Aguiar94"]
[Result "0-1"]
[WhiteElo "2137"]
[BlackElo "2673"]
[TimeControl "180+1"]
[EndTime "10:08:52 PDT"]
[Termination "Aguiar94 won on time"]

1. Nf3 d5 2. b3 c5 3. Bb2 Nc6 4. c4 d4 5. d3 e5 6. e3 Nf6 7. exd4 cxd4 8. Be2 Bd6 9. a3 a5 10. Nbd2 h6 11. h3 O-O 12. O-O Bf5 13. Ne1 Re8 14. Bf3 Qd7 15. Ne4 Nxe4 16. dxe4 Bg6 17. Nd3 Qc7 18. c5 Bf8 19. Rc1 Nd8 20. b4 axb4 21. axb4 Ne6 22. g3 Ng5 23. Bg2 Bxe4 24. Bxe4 Nxe4 25. Re1 Ng5 26. Kg2 Qc6+ 27. f3 e4 28. fxe4 Rxe4 29. Rxe4 Qxe4+ 30. Kg1 Nxh3+ 31. Kh2 Ng5 32. Kg1 Ra2 33. Rc2 Nf3+ 34. Kf2 Nh2 35. Qe2 Ng4+ 36. Kg1 Ne3 37. Rd2 Qg6 38. Qf2 Nf5 39. Nf4 Qg4 40. Kh2 h5 41. Qe2 Qxg3+ 42. Kh1 Qxf4 0-1

[Event "Early-Titled-Tuesday-Blitz-May-28-2024"]
[Site "Chess.com"]
[Date "2024.05.28"]
[Round "11"]
[White "C_K_G"]
[Black "NikFil2013"]
[Result "0-1"]
[WhiteElo "2305"]
[BlackElo "2455"]
[TimeControl "180+1"]
[EndTime "10:08:57 PDT"]
[Termination "NikFil2013 won on time"]

1. e4 c5 2. Nf3 d6 3. d4 cxd4 4. Nxd4 Nf6 5. Nc3 a6 6. Be2 e5 7. Nb3 Be7 8. Be3 O-O 9. O-O b5 10. f4 Bb7 11. Bf3 Nbd7 12. f5 Nb6 13. g4 d5 14. exd5 Nbxd5 15. Nxd5 Nxd5 16. Bf2 Qc7 17. Bxd5 Rad8 18. Bxf7+ Kxf7 19. Qe2 Qc6 20. Bg3 Kg8 21. c3 h5 22. gxh5 a5 23. Kf2 a4 24. Na5 Qb6+ 25. Qe3 Qxa5 0-1

[Event "Early-Titled-Tuesday-Blitz-May-28-2024"]
[Site "Chess.com"]
[Date "2024.05.28"]
[Round "11"]
[White "talaicito"]
[Black "Kielinkei"]
[Result "0-1"]
[WhiteElo "2266"]
[BlackElo "2453"]
[TimeControl "180+1"]
[EndTime "10:08:57 PDT"]
[Termination "Kielinkei won on time"]

1. d4 Nf6 2. Nc3 d5 3. Bf4 c5 4. e3 cxd4 5. exd4 a6 6. Nf3 Nc6 7. Ne5 e6 8. Be2 Qb6 9. Nxc6 bxc6 10. Na4 Qd8 11. c3 Bd6 12. Bxd6 Qxd6 13. O-O Rb8 14. b4 Nd7 15. Bd3 O-O 16. f4 a5 17. bxa5 Qc7 18. a6 Ra8 19. f5 exf5 20. Bxf5 Bxa6 21. Rf3 Nf6 22. Nc5 Bc8 23. a4 Bxf5 24. Rxf5 Nd7 25. Nxd7 Qxd7 26. Rf2 Rfb8 27. a5 Ra6 28. Qd3 Rba8 29.
Rfa2 h6 30. h3 Qc7 31. c4 Rxa5 32. Rxa5 Rxa5 33. Rxa5 Qxa5 34. cxd5 cxd5 35. Qe3 Qa1+ 36. Kh2 Qa4 37. Qe5 Qd7 38. g4 Qe6 39. Qb8+ Kh7 40.
Qb1+ g6 41. Qf1 Kg7 0-1

[Event "Early-Titled-Tuesday-Blitz-May-28-2024"]
[Site "Chess.com"]
[Date "2024.05.28"]
[Round "11"]
[White "Chessmissile07"]
[Black "DishonorOnYourCow"]
[Result "1-0"]
[WhiteElo "2820"]
[BlackElo "2587"]
[TimeControl "180+1"]
[EndTime "10:08:58 PDT"]
[Termination "Chessmissile07 won by checkmate"]

1. a3 d5 2. Nf3 c5 3. c4 Nf6 4. cxd5 Nxd5 5. Nc3 Nc6 6. e3 e5 7.
Bb5 Nxc3 8. bxc3 Bd6 9. O-O e4 10. Qa4 exf3 11. Bxc6+ bxc6 12. Qxc6+ Kf8 13. Qxa8 fxg2 14.
Qxg2 Qc7 15. d4 h5 16. e4 h4 17. e5 Be7 18. Bf4 h3 19. Qf3 Qd7 20. d5 Qf5 21. Qe3 Rh4 22. Bg3 Re4 23. Qd3 g5 24. d6 Bd8 25. d7 Ba6 26. Qxa6 Qf3 27. Qh6+ Ke7 28. Qxh3 g4 29. Qg2 Qf5 30. Bh4+ Kxd7 31. Rad1+ Ke8 32.
Rxd8# 1-0

[Event "Early-Titled-Tuesday-Blitz-May-28-2024"]
[Site "Chess.com"]
[Date "2024.05.28"]
[Round "11"]
[White "manitodeplomo"]
[Black "chess_blitz00"]
[Result "0-1"]
[WhiteElo "2543"]
[BlackElo "2347"]
[TimeControl "180+1"]
[EndTime "10:08:58 PDT"]
[Termination "chess_blitz00 won on time"]

1. d4 g6 2. c4 Bg7 3. Nc3 d6 4. e4 c5 5. d5 Bxc3+ 6. bxc3 e5 7. dxe6 Bxe6 8. Bf4 Qf6 9. Qd2 Nc6 10.
Nf3 h6 11. Rb1 O-O-O 12. Bxd6 Bg4 13. e5 Qe6 14. Be2 Nxe5 15. Nxe5 Bxe2 16. Qxe2 Rxd6 17.
O-O f6 18. Qf3 fxe5 19. Qxb7+ Kd8 20. Qxa7 Ne7 21. Rb8+ Nc8 22. Qxc5 Ke7 23. Re1 Kf6 24. f4 e4 25. Rb7 Ne7 26. Qf2 Nf5 27. g4 e3 28. Qg2 Nh4 29. g5+ Kf5 30. Qh3+ Ke4 31.
Qxe3+ Kf5 32. Qh3+ Kxf4 0-1

[Event "Early-Titled-Tuesday-Blitz-May-28-2024"]
[Site "Chess.com"]
[Date "2024.05.28"]
[Round "11"]
[White "Chernov_Mikhail"]
[Black "Felix-Rose"]
[Result "1-0"]
[WhiteElo "2275"]
[BlackElo "2277"]
[TimeControl "180+1"]
[EndTime "10:08:59 PDT"]
[Termination "Chernov_Mikhail won by resignation"]

1. e4 e5 2. Nf3 Nc6 3. Bc4 Nf6 4. d3 Bc5 5. c3 d6 6. h3 a5 7. a4 h6 8. Be3 Ba7 9. Qb3 O-O 10. Nbd2 Qe7 11.
O-O Re8 12. Rae1 Bxe3 13. fxe3 Nd8 14. d4 Nd7 15. dxe5 dxe5 16. Nh2 Nb6 17. Rf2 Nxc4 18. Qxc4 Be6 19. Qe2 Qd7 20. Ref1 Qxa4 21. Ng4 Nc6 22.
Nxh6+ gxh6 23. Qh5 Qa2 24. Qxh6 Ne7 25. Nf3 Ng6 26.
Ng5 Rad8 27. Qh7+ Kf8 28. Qxg6 Ke7 29. Rxf7+ Bxf7 30. Rxf7+ Qxf7 31. Qxf7+ Kd6 32. Qd5+ Ke7 33. Qe6+ 1-0

[Event "Early-Titled-Tuesday-Blitz-May-28-2024"]
[Site "Chess.com"]
[Date "2024.05.28"]
[Round "11"]
[White "ChempionBg"]
[Black "Dewarfd"]
[Result "1-0"]
[WhiteElo "2243"]
[BlackElo "2129"]
[TimeControl "180+1"]
[EndTime "10:09:03 PDT"]
[Termination "ChempionBg won on time"]

1. d4 d5 2. c4 c6 3. Nf3 Nf6 4. g3 g6 5. Bg2 Bg7 6. O-O O-O 7. cxd5 cxd5 8. Ne5 Nc6 9. Nxc6 bxc6 10. Nc3 Nd7 11. e4 e6 12. b3 c5 13. exd5 cxd4 14. dxe6 dxc3 15. exd7 Bxd7 16. Bxa8 Qxa8 17. Qxd7 c2 18.
Qd2 Rc8 19. Ba3 Bxa1 20. Rxa1 Qe4 21. Rc1 a6 22. Bb2 Qf5 23. Qd4 f6 24. Qxf6 Qxf6 25. Bxf6 Kf7 26. Bg5 Ke6 27. Kf1 Kf5 28. h4 Ke4 29. Ke2 h5 30. Kd2 Kf3 31. Be3 1-0

[Event "Early-Titled-Tuesday-Blitz-May-28-2024"]
[Site "Chess.com"]
[Date "2024.05.28"]
[Round "11"]
[White "Losingexperience"]
[Black "ImportedItalianMaple"]
[Result "1-0"]
[WhiteElo "2763"]
[BlackElo "2540"]
[TimeControl "180+1"]
[EndTime "10:09:04 PDT"]
[Termination "Losingexperience won on time"]

1. e4 c5 2. Nf3 a6 3. c3 d5 4. exd5 Qxd5 5. d4 e6 6. Na3 Nf6 7. Nc4 Nbd7 8. Be2 Be7 9. O-O O-O 10. Nfe5 Nxe5 11. Nxe5 cxd4 12. cxd4 Qd6 13. Bf4 Nd5 14. Bg3 Qb4 15. Rb1 Bf6 16. Nc4 Rd8 17. Qc2 Bd7 18.
Bd6 Qa4 19. Qe4 Bc6 20. Qg4 Be8 21. Be5 Bxe5 22. dxe5 Ne7 23. Qg5 Nf5 24. Nb6 Qc2 25. Nxa8 Rxa8 26. Bf3 Nd4 27. Bxb7 Rb8 28. Bxa6 Bc6 29.
Rbd1 Qe4 30. f3 Qd5 31. Qe3 Rb4 32. a3 Ra4 33. b3 Rxa6 34. Rxd4 Qa5 35. b4 Qc7 36.
Rfd1 g6 37. Qg5 Ra8 38. Rd8+ Rxd8 39. Qxd8+ Kg7 40. Qxc7 1-0

[Event "Early-Titled-Tuesday-Blitz-May-28-2024"]
[Site "Chess.com"]
[Date "2024.05.28"]
[Round "11"]
[White "shimastream"]
[Black "youngKID"]
[Result "1-0"]
[WhiteElo "3034"]
[BlackElo "2902"]
[TimeControl "180+1"]
[EndTime "10:09:05 PDT"]
[Termination "shimastream won on time"]

1. g3 e5 2. Bg2 d5 3. d3 Nf6 4.
Nf3 Nc6 5. O-O h6 6. Nbd2 Be6 7. e4 dxe4 8. dxe4 Bc5 9. c3 a5 10. Qc2 O-O 11. Nb3 Bb6 12. Re1 Ng4 13. Re2 Bc4 14. Rd2 Qe7 15. h3 a4 16. hxg4 axb3 17. axb3 Rxa1 18. bxc4 Rd8 19. Rd5 Rxd5 20. cxd5 Na5 21.
Bf1 Nb3 22. Bxh6 gxh6 23. Qxb3 Qc5 24. Qc2 Qc4 25. Nh2 Kg7 26. Kg2 Qa4 27. Qd3 Rd1 28.
Qe2 Rc1 29. g5 Rc2 30. gxh6+ Kxh6 31. Ng4+ Kg7 32. Qf3 Kf8 33. Bd3 Rd2 34. Be2 Qc2 35. Nxe5 Ke7 36. Qxf7+ 1-0

[Event "Early-Titled-Tuesday-Blitz-May-28-2024"]
[Site "Chess.com"]
[Date "2024.05.28"]
[Round "11"]
[White "xakevicius91"]
[Black "GeorgiosSouleidis"]
[Result "1-0"]
[WhiteElo "2531"]
[BlackElo "2596"]
[TimeControl "180+1"]
[EndTime "10:09:05 PDT"]
[Termination "xakevicius91 won by resignation"]

1. e4 c5 2. Nf3 e6 3. b3 Nc6 4. Bb2 a6 5. d4 cxd4 6. Nxd4 d6 7. Nxc6 bxc6 8. Bd3 Nf6 9. Nd2 Be7 10. Qe2 O-O 11.
O-O a5 12. e5 Nd5 13. exd6 Bxd6 14. g3 Be7 15. Nc4 Ba6 16. Rad1 Bf6 17. Ne5 Bxd3 18. Rxd3 Qc7 19. a3 Rfd8 20. Rfd1 c5 21. Qe4 Rac8 22.
c4 Ne7 23. Rd7 Rxd7 24. Rxd7 Qb6 25. Qb7 Qxb7 26. Rxb7 Rd8 27. Bc3 h5 28. f4 Rd1+ 29.
Kf2 Bxe5 30. fxe5 Nf5 31. Rb5 Rc1 32. Bxa5 Nd4 33. Rxc5 Nxb3 34. Rc8+ Kh7 35. Bb4 Rc2+ 36. Kg1 Nd4 37. h3 Nf3+ 38. Kf1 Nh2+ 39. Ke1 Nf3+ 40.
Kd1 Rg2 41. a4 Rxg3 42. a5 Nxe5 43. a6 Rg1+ 44. Kc2 Ra1 45. Bc3 Rxa6 46. Bxe5 f6 47. Bc3 Kg6 48. c5 Kf5 49. c6 g5 50.
c7 Rc6 51. Kd3 g4 52. hxg4+ hxg4 53. Ba5 g3 54. Rg8 Kf4 55. c8=Q Rxc8 56. Rxc8 Kf3 57. Rf8 f5 58. Bc7 g2 59. Rg8 f4 60. Bxf4 Kxf4 61. Rxg2 1-0

[Event "Early-Titled-Tuesday-Blitz-May-28-2024"]
[Site "Chess.com"]
[Date "2024.05.28"]
[Round "11"]
[White "ArchibaldCerveza29"]
[Black "HajiyevKanan"]
[Result "1-0"]
[WhiteElo "2374"]
[BlackElo "2490"]
[TimeControl "180+1"]
[EndTime "10:09:05 PDT"]
[Termination "ArchibaldCerveza29 won by checkmate"]

1. e4 c6 2. d4 d5 3. exd5 cxd5 4. c4 e6 5. Nc3 Nf6 6. Nf3 Be7 7. c5 O-O 8. Bf4 Ne4 9. Bd3 f5 10. O-O Nc6 11. Rc1 Bf6 12. Bb5 Bd7 13. Bxc6 Bxc6 14. Be5 Be7 15. b4 a6 16. a4 Qd7 17. a5 Qe8 18. Nd2 Rd8 19. Ndxe4 dxe4 20. Qb3 Qf7 21. b5 axb5 22. Nxb5 Ra8 23. Qb4 Qg6 24. g3 Qg4 25. f3 exf3 26. Rf2 h5 27. Nd6 h4 28. Qd2 hxg3 29.
hxg3 Bg5 30. Bf4 Bh4 31. Rh2 Bxg3 32. Bxg3 Qxg3+ 33. Kf1 Rxa5 34. Qf2 Qxf2+ 35. Kxf2 g5 36. Rh6 Ra2+ 37. Ke3 Kg7 38. Rch1 Bd5 39. Rh7+ Kf6 40.
R1h6# 1-0

[Event "Early-Titled-Tuesday-Blitz-May-28-2024"]
[Site "Chess.com"]
[Date "2024.05.28"]
[Round "11"]
[White "maximnovik"]
[Black "RandomNoob04"]
[Result "0-1"]
[WhiteElo "2548"]
[BlackElo "2767"]
[TimeControl "180+1"]
[EndTime "10:09:08 PDT"]
[Termination "RandomNoob04 won by resignation"]

1. e4 d5 2. exd5 Qxd5 3. Nc3 Qa5 4. d4 Nf6 5. Nf3 Bf5 6. Ne5 c6 7. Bc4 e6 8. g4 Bg6 9. h4 Nbd7 10. Nxd7 Nxd7 11.
h5 Be4 12. O-O Bd5 13. Nxd5 cxd5 14. Bd3 g6 15. h6 Bd6 16. a4 O-O 17. c3 Qd8 18. Kg2 e5 19. Be3 e4 20. Bc2 f5 21.
f4 Nf6 22. g5 Ng4 23. Qe2 Qb6 24. Rab1 Qa6 25. Qe1 Rfd8 26. Bg1 e3 27. Rf3 Re8 28.
Bd1 Qd3 29. Be2 Qe4 30. Kg3 Nxh6 31. gxh6 g5 32. Qf1 Bxf4+ 33. Rxf4 gxf4+ 34. Qxf4 Qxb1 35. Qg5+ Kf7 36. Qg7+ Ke6 37. Qe5+ Kd7 38. Qxd5+ Kc8 39. Qxf5+ Qxf5 40. Bg4 Rg8 0-1

[Event "Early-Titled-Tuesday-Blitz-May-28-2024"]
[Site "Chess.com"]
[Date "2024.05.28"]
[Round "11"]
[White "janhelmer03"]
[Black "FrenchPlayer2203"]
[Result "1-0"]
[WhiteElo "2395"]
[BlackElo "2136"]
[TimeControl "180+1"]
[EndTime "10:09:08 PDT"]
[Termination "janhelmer03 won by checkmate"]

1. Nf3 d5 2. e3 Nf6 3. c4 e6 4.
Nc3 Be7 5. b3 O-O 6. Bb2 b6 7.
Qc2 Bb7 8. Bd3 dxc4 9. bxc4 c5 10. Ke2 Nc6 11. a3 Qd7 12. g4 h6 13. h4 Na5 14. g5 Ne8 15. gxh6 Bf6 16. hxg7 Nxg7 17. Rag1 Rfd8 18. Rh3 Ba6 19. Nd5 exd5 20. Bxf6 dxc4 21.
Bh7+ Kf8 22. Bxg7+ Ke8 23. Qe4+ Qe7 24. Qxe7+ Kxe7 25. Bc3 Nb3 26. Be4 Rab8 27. h5 Bc8 28. Rh2 b5 29. h6 b4 30. axb4 cxb4 31. Be5 Rb5 32. h7 c3 33. h8=Q Rxh8 34. Rxh8 Be6 35. Rgg8 Bc4+ 36.
Ke1 Ra5 37. Re8+ Kd7 38. Rd8+ Ke7 39. Rhe8# 1-0